 Dungeon Crawl Stone Soup version 0.29.1-12-g30fa7ad0bf (webtiles) character file.

Game seed: 11683162528665358239

424 Moishe the Ruffian (level 6, -2/58 HPs)
             Began as a Troll Gladiator on Dec 24, 2022.
             Slain by an orc wizard
             ... wielding a +1 vampiric dagger
              (4 damage)
             ... on level 5 of the Dungeon.
             The game lasted 00:09:09 (2000 turns).

Moishe the Ruffian (Troll Gladiator)                Turns: 2000, Time: 00:09:10

Health: -2/58      AC:  4    Str: 27    XL:     6   Next: 64%
Magic:  5/5        EV: 10    Int:  6    God:
Gold:   104        SH:  0    Dex: 11    Spells: 5/5 levels left

rFire   + . .      SeeInvis .   i - +1 halberd (freeze)
rCold   + . .      Faith    .   (shield currently unavailable)
rNeg    . . .      Spirit   .   a - +0 robe
rPois   .          Reflect  .   c - +0 hat of Keurhuof {rF+ rC+ Str+4}
rElec   .          Harm     .   k - scarf {+Inv}
rCorr   .          Rampage  .   (gloves unavailable)
Will    .....                   (boots unavailable)
Stlth   +.........              (no amulet)
HPRegen 0.99/turn               (no ring)
MPRegen 0.09/turn               (no ring)

@: confused
A: large, unfitting armour, claws 3, regeneration 1, shaggy fur 1, tough skin 1
a: Evoke Invisibility


You were on level 5 of the Dungeon.
You visited 1 branch of the dungeon, and saw 5 of its levels.

You collected 104 gold pieces.

Inventory:

Hand Weapons
 i - a +1 halberd of freezing (weapon)
Missiles
 l - a large rock (quivered)
Armour
 a - a +0 robe (worn)
 b - a +0 hat
 c - the +0 hat of Keurhuof (worn) {rF+ rC+ Str+4}
   (You acquired it on level 2 of the Dungeon)

   Str:       It affects your strength (+4).
   rF:        It protects you from fire.
   rC:        It protects you from cold.
 k - a scarf of invisibility (worn)
Wands
 f - a wand of digging (2)
Scrolls
 e - 2 scrolls of amnesia {unknown}
 j - a scroll of blinking {unknown}
 m - 2 scrolls of summoning
 n - a scroll of magic mapping {unknown}
Potions
 d - a potion of resistance
 g - a potion of brilliance {unknown}
 h - a potion of curing {unknown}


   Skills:
 * Level 2.3 Fighting
 * Level 1.1 Polearms
 * Level 2.6 Throwing
 * Level 1.4 Armour
 * Level 3.2 Dodging
 * Level 1.0 Stealth
 * Level 5.0 Unarmed Combat
 * Level 0.9 Evocations


You had 5 spell levels left.
You didn't know any spells.
Your spell library was empty.

Dungeon Overview and Level Annotations

Branches:
Dungeon (5/15)
 Temple: D:4-7

Altars:


Innate Abilities, Weirdness & Mutations

You are too large for most types of armour.
You have claws for hands.
Your natural rate of healing is unusually fast.
You are covered in fur. (AC +1)
You have tough skin. (AC +1)


Message History

You hear some strange, mumbled words.
You are more confused.
You completely miss something. Something hits you. x2
The orc priest mumbles some strange prayers to Beogh against you.
Beogh smites you! The orc wizard casts a spell at you.
The magic dart hits something.
You hear some strange, mumbled words.
A magic dart appears from out of thin air!
The magic dart hits you.
* * * LOW HITPOINT WARNING * * *
You are too confused!
Unknown command.
Something hits you.
* * * LOW HITPOINT WARNING * * *
The orc wizard gestures at you while chanting.
The magic dart hits something.
You bump into the rock wall.
You hear some strange, mumbled words.
A magic dart appears from out of thin air!
The magic dart hits you.
* * * LOW HITPOINT WARNING * * *
You hear some strange, mumbled words.
You are more confused.
You bump into the rock wall.
You hear some strange, mumbled words.
A magic dart appears from out of thin air!
The magic dart hits you.
* * * LOW HITPOINT WARNING * * *
Unknown command.
Something hits you but does no damage.
You hear some strange, mumbled words.
You are more confused.
Something hits you but does no damage.
You're too confused to move!
Something hits you.
* * * LOW HITPOINT WARNING * * *
Something hits you.
* * * LOW HITPOINT WARNING * * *
Something hits you.
You die...

#..........###
####..##.........
.....##.........
####..##.........
#......#......
#.##.###...###
#.##.# ...#
#.##.# ####
#.##@# #.##{#
#...o# ####o# #.#
#o# ..# #.# #.#


You could see an orc priest, an orc wizard and an orc.

Vanquished Creatures
  A necrophage (D:5)
  A gnoll bouda (D:4)
  A hound (D:5)
  An orc priest (D:5)
  Ijyb (D:4)
  3 gnolls (D:4)
  2 adders
  A white imp (D:5)
  2 worms
  2 dart slugs
  8 orcs
  A ball python (D:3)
  2 bats (D:3)
  10 endoplasms
  2 giant cockroaches
  4 goblins
  4 hobgoblins
  2 jackals (D:1)
  3 kobolds
  A quokka (D:3)
  2 frilled lizards
  3 rats
57 creatures vanquished.

Vanquished Creatures (collateral kills)
  A black bear (D:5)
  An iguana (D:5)
  A shadow imp (D:5)
  An orc (D:5)
4 creatures vanquished.

Grand Total: 61 creatures vanquished

Notes
Turn   | Place    | Note
-------+----------+-------------------------------------------
     0 | D:1      | Moishe the Troll Gladiator began the quest for the Orb.
     0 | D:1      | Reached XP level 1. HP: 19/19 MP: 0/0
     1 | D:1      | Found a runed translucent door.
    54 | D:1      | Reached XP level 2. HP: 28/28 MP: 1/1
   181 | D:2      | Reached XP level 3. HP: 19/35 MP: 2/2
   226 | D:2      | Identified a scroll of acquirement
   229 | D:2      | Acquired the +0 hat of Keurhuof {rF+ rC+ Str+4}
   263 | D:2      | You fall into a shaft and drop 1 floor!
   929 | D:4      | Reached XP level 4. HP: 42/42 MP: 3/3
  1068 | D:4      | Noticed Ijyb
  1079 | D:4      | Killed Ijyb
  1150 | D:4      | Reached skill level 4 in Unarmed Combat
  1414 | D:4      | Reached skill level 1 in Armour
  1414 | D:4      | Reached XP level 5. HP: 37/49 MP: 4/4
  1848 | D:5      | Entered Level 5 of the Dungeon
  1871 | D:5      | Noticed a black bear
  1880 | D:5      | Reached XP level 6. HP: 9/57 MP: 5/5
  1893 | D:5      | Reached skill level 1 in Stealth
  1903 | D:5      | Reached skill level 1 in Polearms
  1907 | D:5      | Reached skill level 5 in Unarmed Combat
  1999 | D:5      | HP: 2/58 [something (2)]
  2000 | D:5      | Slain by an orc wizard

Illustrated notes

Levels and vault maps discovered:
D:1:      dpeg_arrival_caged_fury, layout_rooms
D:2:      layout_basic, chequers_ecumenical_altar_island,
          grunt_decor_one_mirror, minmay_splitting_lines, glass_columns_c
D:3:      layout_basic, uniq_sigmund
D:4:      layout_basic, bh_walls_and_bars, uniq_ijyb
D:5:      layout_loops_ring, kennysheep_cross_bottleneck

Skill      XL: |  1  2  3  4  5  6 |
---------------+-------------------+-----
Throwing       | 2 |  2.6
Fighting       | 2 |  2.3
Unarmed Combat | 4 5 |  5.0
Armour         | 1 |  1.4
Dodging        | 3 |  3.2
Stealth        | 1 |  1.0
Polearms       | 1 |  1.1
Evocations     | |  0.9

Action                   |  1- 3 |  4- 6 || total
-------------------------+-------+-------++-------
Melee: Unarmed           |    97 |    47 ||   144
       Punch             |     1 |     2 ||     3
       Halberd           |       |    32 ||    32
Throw: Throwing net      |     5 |     7 ||    12
       Large rock        |       |     3 ||     3
Evoke: Wand              |       |     1 ||     1
  Use: Scroll            |     3 |     1 ||     4
 Stab: Sleeping          |     1 |       ||     1
Armor: Robe              |    43 |    22 ||    65
Dodge: Dodged            |    53 |    42 ||    95
